Map: Simulacrum LE

Players

TLHarstem (Harstem) - Winner!

  • Race: Protoss Protoss
  • League: Master
  • Spawn Location: 11:00

A.I. 1 (Very Easy)

  • Race: Terran Terran
  • Spawn Location: 5:00

VOD

https://youtu.be/QmAa8hlyJdA

Description

I saw a cool build, I made a guide.

Time

  • Played on: April 13, 2020, 1:55 a.m.
  • Length: 5:25
Show
View Real Time Build Order
Export as new Build Order

TLHarstem Protoss - Winner!

Build Orders: Dark Templar Rush 

Get SALT Encoding   

  12  0:04  Probe  
  13  0:16  Probe  
  13  0:20  Pylon  
  14  0:28  Probe (Chrono Boost)  
  15  0:40  Gateway, Probe (Chrono Boost)  
  16  0:45  Assimilator  
  16  0:48  Probe (Chrono Boost)  
  17  0:54  Probe  
  18  1:06  Probe  
  19  1:18  Probe  
  20  1:27  Cybernetics Core  
  20  1:29  Zealot  
  20  1:32  Probe  
  23  1:38  Pylon  
  23  1:55  Nexus  
  23  2:04  Adept (Chrono Boost)  
  23  2:08  Warp Gate  
  25  2:26  Adept  
  27  2:38  Nexus  
  27  2:42  Twilight Council  
  27  2:50  Assimilator  
  27  2:51  Probe  
  27  3:11  Probe  
  26  3:14  Probe  
  27  3:26  Probe  
  28  3:27  Dark Shrine  
  28  3:34  Stalker  
  28  3:38  Probe  
  28  3:40  Gateway  
  31  3:50  Probe x2 (Chrono Boost)  
  33  3:59  Probe x2 (Chrono Boost)  
  35  4:04  Probe x2 (Chrono Boost)  
  37  4:16  Probe x2 (Chrono Boost)  
  39  4:17  Stalker  
  39  4:19  Pylon  
  39  4:23  Pylon  
  41  4:27  Probe (Chrono Boost)  
  41  4:28  Probe (Chrono Boost)  
  43  4:32  Probe (Chrono Boost)  
  43  4:33  Probe (Chrono Boost)  
  45  4:42  Dark Templar x2  
  45  4:44  Probe  
  50  4:46  Robotics Facility  
  50  4:48  Probe  
  51  4:56  Probe  
  52  5:00  Probe  
  53  5:08  Probe  
  53  5:09  Forge  
  53  5:12  Probe  
  55  5:19  Nexus  
Show
View Real Time Build Order
Export as new Build Order

A.I. 1 (Very Easy) Terran 

Build Orders: Reaper Expand 

Get SALT Encoding   

  12  0:00  SCV  
  13  0:13  SCV  
  14  0:18  Supply Depot  
  14  0:42  Barracks  
  14  1:03  Command Center  
  14  1:32  Marine, Supply Depot, Orbital Command  
  15  1:38  Refinery  
  15  1:50  Refinery  
  15  1:57  SCV  
  16  2:09  SCV  
  16  2:15  SCV  
  18  2:19  Reaper  
  18  2:22  SCV  
  20  2:29  SCV  
  21  2:36  SCV  
  22  2:44  SCV  
  22  2:52  SCV  
  22  2:59  SCV  
  22  3:03  Marine, Refinery  
  23  3:06  SCV  
  24  3:13  SCV  
  24  3:20  SCV  
  24  3:28  SCV  
  23  3:36  SCV, Refinery  
  20  3:43  SCV  
  20  3:47  Marine  
  19  3:50  SCV  
  19  3:58  SCV  
  19  4:05  SCV  
  19  4:12  SCV  
  17  4:19  SCV  
  17  4:26  SCV  
  18  4:32  Reaper  
  18  4:34  SCV  
  20  4:41  SCV  
  21  4:48  SCV  
  22  4:55  SCV  
  23  5:02  SCV  
  23  5:04  Barracks Tech Lab  
  18  5:08  Factory  
  18  5:10  SCV  
Tags
 
Add a new tag
Caveats
  • Supply blocks, unpowered buildings, or Contaminate may cause inaccurate times.
  • Supply counts are checked every 10 seconds.